AoeStats
← Matouš10CZ

Yucatan

510402329Analyzed
3v3 RM · 1d ago on Sep 30, 2026· 86m 35s· 6 players
Game mode
Random Map
Map size
Normal (6 player)
Population
200
Speed
Normal
Resources
Standard
Victory
Conquest
Starting age
Dark Age
Ending age
Imperial Age
RankedLock teamsTeams togetherTeam positionsShared explorationLock speedFull tech treeHidden civsTurbo modeCheats
Victory
Defeat
🇨🇿 Japanese · Czechia
895
+14
🇦🇷 Goths · Argentina
879
+15
🇨🇿 Britons · Czechia
658
+25
🇷🇺 Mongols · Russia
921
-21
🇰🇿 Koreans · Kazakhstan
854
-18
🇷🇺 Persians · Russia
785
-15
pohuito ergo sum
1:22 Loom
12:33 Feudal Age
18:17 Castle Age
16:50 Double-Bit Axe
16:51 Horse Collar
20:57 Bow Saw
26:41 Fletching
30:40 Wheelbarrow
30:41 Bodkin Arrow
30:57 Husbandry
31:09 Bloodlines
34:00 Ballistics
36:41 Imperial Age
35:54 Hand Cart
35:28 Town Watch
36:51 Town Patrol
39:00 Heavy Plow
38:38 Cavalier
39:34 Forging
39:30 Scale Barding Armor
39:25 Bracer
40:31 Chemistry
41:20 Conscription
40:21 Elite Mangudai
42:28 Iron Casting
42:14 Chain Barding Armor
42:05 Siege Engineers
42:08 Thumb Ring
42:28 Parthian Tactics
44:37 Caravan
46:09 Blast Furnace
45:09 Padded Archer Armor
50:26 Leather Archer Armor
54:05 Onager
56:11 Siege Onager
57:16 Drill
58:46 Scale Mail Armor
62:15 Coinage
82:18 Murder Holes
82:34 Masonry
Divine_Fury
11:50 Feudal Age
10:09 Loom
11:55 Feudal Age
13:54 Man-at-Arms
18:40 Castle Age
18:46 Horse Collar
18:53 Double-Bit Axe
20:42 Medium Warships
26:47 Wheelbarrow
28:16 Fletching
28:40 Forging
28:36 Scale Mail Armor
30:45 Hand Cart
32:26 Squires
38:26 Imperial Age
36:26 Gold Mining
36:28 Stone Mining
38:27 Ballistics
37:48 Treadmill Crane
38:47 Eupseong
39:13 Bodkin Arrow
39:54 Iron Casting
39:36 Chain Mail Armor
39:47 Elite Fire Lancer
41:56 Chemistry
41:03 Siege Engineers
40:54 Murder Holes
43:32 Thumb Ring
45:58 Caravan
53:16 Bracer
66:46 Conscription
66:52 Conscription
68:53 Town Watch
72:42 Masonry
73:51 Town Patrol
dix.
3:48 Loom
10:04 Feudal Age
11:19 Double-Bit Axe
15:16 Wheelbarrow
16:57 Castle Age
15:56 Gold Mining
20:54 Hand Cart
25:48 Scale Barding Armor
25:53 Forging
27:53 Horse Collar
28:59 Heavy Plow
28:42 Crossbowman
31:51 Bow Saw
31:37 Stone Mining
32:22 Gold Shaft Mining
33:19 Chain Barding Armor
33:34 Iron Casting
33:02 Padded Archer Armor
32:52 Fletching
33:53 Ballistics
33:49 Thumb Ring
36:42 Imperial Age
38:24 Cavalier
39:05 Husbandry
41:07 Savar
43:36 Plate Barding Armor
44:02 Blast Furnace
45:25 Stone Shaft Mining
45:04 Savar
48:23 Leather Archer Armor
48:03 Bodkin Arrow
59:45 Chemistry
61:49 Caravan
62:39 Ring Archer Armor
Matouš10CZ
0:49 Loom
10:04 Feudal Age
17:58 Castle Age
15:46 Double-Bit Axe
15:54 Gold Mining
16:29 Stone Mining
19:20 Caravan
20:20 Gold Shaft Mining
19:58 Bow Saw
23:45 Horse Collar
27:17 Wheelbarrow
28:48 Heavy Plow
28:12 Pikeman
28:53 Squires
28:38 Arson
30:26 Padded Archer Armor
30:17 Fletching
33:11 Imperial Age
33:26 Elite Longbowman
37:31 Two-Man Saw
36:52 Hand Cart
39:54 Ballistics
39:25 Heated Shot
39:16 Treadmill Crane
39:34 Murder Holes
39:20 Treadmill Crane
41:11 Pikeman
41:51 Squires
41:36 Arson
42:01 Halberdier
44:24 Hoardings
44:12 Conscription
44:08 Padded Archer Armor
43:59 Fletching
45:20 Leather Archer Armor
44:35 Man-at-Arms
45:01 Gambesons
46:51 Town Watch
46:51 Fishing Lines
54:54 Bodkin Arrow
55:29 Ring Archer Armor
54:58 Heated Shot
56:09 Chemistry
55:24 Fortified Wall
55:00 Arrowslits
55:18 Town Patrol
55:14 Gillnets
63:43 Warwolf
64:03 Yeomen
63:49 Warwolf
63:20 Sappers
86:41 Masonry
86:36 Siege Engineers
86:42 Clinker Construction
86:23 Guard Tower
joaquinrainone
0:27 Loom
11:51 Feudal Age
17:09 Castle Age
15:48 Double-Bit Axe
16:57 Horse Collar
17:08 Gold Mining
17:10 Stone Mining
17:34 Town Watch
18:57 Wheelbarrow
19:22 Bow Saw
19:14 Heavy Plow
20:01 Man-at-Arms
24:56 Forging
24:47 Scale Mail Armor
24:16 Long Swordsman
24:59 Squires
25:11 Forging
25:33 Scale Mail Armor
26:31 Stone Shaft Mining
27:14 Hand Cart
29:11 Padded Archer Armor
29:18 Scale Barding Armor
29:50 Pikeman
31:06 Fletching
32:47 Iron Casting
33:09 Town Patrol
33:50 Chain Mail Armor
34:34 Bodkin Arrow
36:51 Anarchy
38:21 Leather Archer Armor
38:04 Murder Holes
38:30 Ballistics
38:21 Masonry
39:36 Treadmill Crane
44:12 Imperial Age
42:50 Chain Barding Armor
45:18 Conscription
44:23 Halberdier
46:20 Blast Furnace
46:20 Crop Rotation
46:52 Two-Man Saw
45:54 Perfusion
47:24 Bracer
48:15 Elite Huskarl
53:01 Ring Archer Armor
54:00 Elite Skirmisher
54:01 Two-Handed Swordsman
55:44 Chemistry
55:15 Architecture
55:42 Caravan
56:13 Coinage
55:53 Guilds
55:13 Champion
58:27 Crossbowman
59:31 Sanctity
59:22 Fervor
60:33 Banking
62:23 Illumination
61:54 Herbal Medicine
63:10 Theocracy
63:51 Devotion
65:31 Husbandry
65:58 Bloodlines
65:10 Light Cavalry
66:21 Cavalier
68:06 Hussar
72:37 Faith
72:39 Heavy Cavalry Archer
73:33 Capped Ram
75:47 Onager
78:38 Heavy Scorpion
Ctibor
0:27 Loom
13:15 Feudal Age
13:53 Double-Bit Axe
13:51 Horse Collar
14:05 Gold Mining
14:11 Stone Mining
17:46 Scale Mail Armor
17:57 Forging
20:34 Castle Age
21:14 Pikeman
23:52 Caravan
24:45 Bow Saw
26:58 Wheelbarrow
27:53 Chain Mail Armor
28:17 Iron Casting
28:02 Hand Cart
29:38 Heavy Plow
30:22 Gold Shaft Mining
30:34 Fletching
35:14 Squires
37:51 Imperial Age
37:05 Ballistics
39:43 Chemistry
40:31 Kataparuto
40:59 Halberdier
44:08 Conscription
45:35 Siege Engineers
46:28 Elite Samurai
49:33 Thumb Ring
49:54 Parthian Tactics
48:50 Heavy Cavalry Archer
49:13 Treadmill Crane
56:00 Plate Mail Armor
56:32 Blast Furnace
58:09 Crossbowman
60:59 Two-Man Saw
72:39 Elite Skirmisher
72:39 Arbalester
73:11 Town Watch
73:48 Yasama
75:52 Man-at-Arms
76:18 Gambesons
76:45 Scale Barding Armor
76:40 Padded Archer Armor
76:37 Bodkin Arrow
81:26 Long Swordsman
81:52 Arson
Connection lost

Rejoining the realm…

Still unreachable

The connection could not be restored.

Session expired

The server has moved on; the page needs a fresh start.